Map: Belladona EE

Players

Maru - Winner!

  • Race: Terran Terran
  • League: Grandmaster
  • Spawn Location: 5:00

llllllllllll (Trap)

  • Race: Protoss Protoss
  • League: Master
  • Spawn Location: 11:00

VOD

Have the link to the VOD?

Description

Time

  • Played on: Jan. 7, 2020, 8:29 p.m.
  • Length: 9:25
Show
View Real Time Build Order
Export as new Build Order

Maru Terran - Winner!

Build Orders: Reaper Expand 

Get SALT Encoding   

  12  0:00  SCV  
  13  0:13  SCV  
  14  0:16  Supply Depot  
  14  0:25  SCV  
  15  0:38  SCV  
  15  0:39  Barracks  
  16  0:43  Refinery  
  16  0:50  SCV  
  17  1:02  SCV  
  18  1:14  SCV  
  19  1:26  Reaper  
  19  1:27  Orbital Command  
  20  1:43  Command Center  
  20  1:49  Supply Depot  
  20  1:52  SCV  
  21  1:58  Marine  
  22  2:04  SCV  
  22  2:07  Factory  
  23  2:16  Bunker  
  23  2:17  SCV  
  23  2:21  Barracks Reactor  
  24  2:24  Refinery  
  24  2:29  SCV  
  24  2:41  SCV  
  25  2:53  SCV  
  25  2:54  Starport, Hellion, Orbital Command  
  28  2:58  Marine  
  28  2:59  Marine  
  30  3:08  SCV  
  31  3:16  Marine x2  
  31  3:17  Widow Mine  
  35  3:20  SCV x2  
  37  3:32  SCV  
  37  3:33  SCV  
  41  3:36  Marine x2  
  41  3:37  Medivac  
  41  3:38  Widow Mine  
  45  3:44  SCV  
  46  3:50  SCV  
  46  3:54  Supply Depot, Barracks  
  45  3:57  SCV  
  46  4:02  Factory Tech Lab  
  46  4:07  Engineering Bay  
  46  4:08  Starport Tech Lab  
  46  4:16  Marine x2, SCV x2  
  50  4:17  Supply Depot  
  50  4:26  Raven  
  50  4:28  Barracks  
  50  4:29  SCV x2  
  50  4:30  Refinery  
  54  4:34  Terran Infantry Weapons Level 1  
  54  4:36  Supply Depot  
  54  4:39  Marine x2  
  56  4:49  SCV  
  56  4:52  Stimpack, Marauder  
  57  4:55  SCV  
  57  4:56  Marine x2  
  57  4:58  Supply Depot  
  60  5:01  SCV  
  61  5:07  SCV  
  61  5:13  SCV, Marine  
  64  5:14  Marine x2, Supply Depot  
  64  5:15  Factory Reactor, Starport Reactor  
  64  5:19  SCV  
  67  5:21  Combat Shield, Supply Depot  
  67  5:25  SCV, Marauder  
  70  5:31  SCV, Marauder  
  70  5:32  Marine x2  
  75  5:36  Supply Depot  
  75  5:37  SCV  
  75  5:44  SCV  
  75  5:47  Marauder  
  75  5:48  Refinery  
  78  5:50  Marine x2  
  78  5:52  Medivac  
  78  5:53  Marauder  
  78  5:54  Medivac  
  86  5:59  Widow Mine  
  86  6:00  Widow Mine  
  86  6:01  Supply Depot  
  90  6:08  Marine x2  
  92  6:12  Marauder  
  92  6:15  Marauder  
  92  6:18  Command Center  
  96  6:22  Medivac  
  98  6:30  Marine x2  
  98  6:32  Widow Mine x2  
  102  6:34  Supply Depot, Marauder  
  102  6:35  SCV x2  
  102  6:36  Marauder  
  102  6:37  Concussive Shells  
  108  6:48  SCV  
  109  6:54  Terran Infantry Armor Level 1  
  109  6:56  Marauder  
  109  6:59  Barracks  
  109  7:00  Widow Mine  
  109  7:01  Barracks  
  113  7:05  Medivac  
  103  7:16  Medivac  
  103  7:20  SCV x2  
  106  7:25  Widow Mine x2  
  106  7:29  Marine, Marauder x2  
  114  7:32  SCV  
  114  7:35  Medivac  
  114  7:37  Orbital Command  
  117  7:43  SCV  
  118  7:44  SCV  
  118  7:47  Barracks Reactor, Barracks Tech Lab  
  118  7:49  Supply Depot  
  118  7:50  Supply Depot  
  117  7:51  Marine  
  117  7:52  Marine, Marauder x2  
  117  7:55  SCV  
  117  7:56  SCV  
  125  8:00  Starport  
  125  8:05  Widow Mine x2  
  129  8:09  Marine  
  129  8:12  Marine, Marauder  
  131  8:13  Marauder x2  
  131  8:16  Medivac x2  
  131  8:18  SCV x3  
  140  8:23  Marine  
  141  8:34  SCV x2, Marauder  
  143  8:35  Refinery x2  
  143  8:36  Engineering Bay  
  143  8:37  Marine, Marauder  
  143  8:38  Supply Depot, Armory  
  142  8:48  Marine  
  142  8:49  Marauder  
  142  8:52  Marine  
  142  8:55  Marauder  
  143  8:57  Widow Mine  
  143  8:59  Marauder  
  137  9:03  Marine  
  137  9:06  Marine  
Show
View Real Time Build Order
Export as new Build Order

llllllllllll Protoss 

Build Orders: 1 Gate Expand, Oracle Opening, Blink Stalkers, Colossus Rush 

Get SALT Encoding   

  12  0:00  Probe  
  13  0:12  Probe  
  14  0:17  Pylon  
  14  0:24  Probe (Chrono Boost)  
  15  0:36  Probe (Chrono Boost), Gateway  
  16  0:44  Probe (Chrono Boost)  
  16  0:45  Assimilator  
  17  0:51  Probe  
  18  1:03  Probe  
  19  1:15  Probe  
  20  1:23  Cybernetics Core  
  20  1:33  Nexus  
  20  1:39  Pylon  
  20  1:42  Probe  
  21  1:50  Assimilator  
  21  1:54  Probe  
  21  1:57  Adept (Chrono Boost)  
  21  2:00  Warp Gate  
  24  2:06  Probe  
  25  2:19  Probe  
  25  2:20  Sentry  
  28  2:31  Probe (Chrono Boost)  
  29  2:38  Twilight Council  
  29  2:43  Probe (Chrono Boost)  
  29  2:44  Oracle  
  30  2:47  Probe (Chrono Boost), Stalker  
  34  2:52  Probe (Chrono Boost)  
  34  2:54  Probe (Chrono Boost)  
  34  2:58  Probe (Chrono Boost)  
  35  2:59  Probe (Chrono Boost)  
  37  3:09  Probe, Blink (Chrono Boost)  
  37  3:11  Probe  
  37  3:12  Pylon  
  39  3:21  Probe  
  39  3:23  Probe  
  41  3:33  Probe  
  41  3:34  Robotics Facility  
  42  3:35  Probe, Gateway  
  42  3:40  Pylon  
  43  3:42  Assimilator  
  43  3:45  Probe  
  43  3:48  Probe  
  43  3:57  Probe  
  43  4:01  Probe  
  43  4:02  Assimilator  
  45  4:03  Pylon  
  45  4:06  Stalker  
  48  4:10  Probe  
  48  4:13  Probe  
  49  4:21  Observer (Chrono Boost)  
  49  4:22  Probe  
  49  4:23  Pylon  
  51  4:25  Probe  
  51  4:31  Stalker x2  
  56  4:34  Probe  
  56  4:35  Observer (Chrono Boost)  
  56  4:37  Probe, Pylon  
  59  4:40  Forge  
  59  4:48  Probe  
  59  4:49  Probe  
  59  4:50  Robotics Bay  
  59  4:56  Observer  
  60  5:00  Probe  
  60  5:01  Probe  
  60  5:06  Stalker x2  
  66  5:12  Probe, Protoss Ground Weapons Level 1  
  66  5:13  Probe  
  67  5:23  Nexus  
  67  5:30  Probe x2  
  69  5:38  Colossus (Chrono Boost)  
  75  5:44  Extended Thermal Lance  
  75  5:48  Probe x2  
  77  5:51  Stalker  
  79  5:59  Gateway  
  79  6:00  Probe  
  79  6:01  Probe, Pylon  
  81  6:15  Stalker  
  81  6:17  Probe, Colossus (Chrono Boost)  
  81  6:18  Probe  
  90  6:31  Probe x2  
  90  6:33  Sentry  
  90  6:37  Charge, Gateway  
  92  6:43  Shield Battery x2  
  92  6:45  Probe x3  
  95  6:51  Stalker  
  97  6:54  Sentry  
  97  7:00  Zealot  
  99  7:02  Probe x3  
  97  7:16  Probe x3 (Chrono Boost)  
  97  7:18  Stalker  
  97  7:20  Zealot  
  100  7:28  Probe x2 (Chrono Boost)  
  100  7:29  Probe (Chrono Boost)  
  100  7:36  Pylon  
  101  7:37  Probe (Chrono Boost), Pylon  
  101  7:38  Pylon  
  101  7:49  Gateway  
  101  7:51  Disruptor (Chrono Boost)  
  101  7:52  Gateway x2  
  101  7:54  Probe x3  
  101  7:58  Assimilator  
  107  7:59  Assimilator  
  107  8:00  Pylon, Robotics Facility  
  107  8:02  Pylon  
  107  8:05  Pylon  
  107  8:09  Stalker x2  
  107  8:15  Probe x3  
  107  8:16  Disruptor (Chrono Boost)  
  109  8:27  Zealot  
  109  8:28  Zealot  
  109  8:40  Stalker x2  
  106  8:46  Stalker x3  
  111  8:51  Zealot x2  
  103  9:07  Stalker x2  
  107  9:10  Stalker x3  
  107  9:15  Stalker  
Tags
 
Add a new tag
Caveats
  • Supply blocks, unpowered buildings, or Contaminate may cause inaccurate times.
  • Supply counts are checked every 10 seconds.